 Dungeon Crawl Stone Soup version 0.30.0-13-g156ef70053 (webtiles) character file.

Game seed: 11169700959503340229

398943 Twinkles the Slayer (level 22, -7/174 HPs)
             Began as a Vampire Warper on May 16, 2023.
             Was the Champion of Hepliaklqana.
             Killed by divine providence
             ... invoked by a daeva
              (12 damage)
             ... on level 4 of the Abyss on May 17, 2023.
             The game lasted 04:30:27 (48287 turns).

Twinkles the Slayer (Vampire Warper)               Turns: 48287, Time: 04:30:28

Health: -7/174     AC: 21    Str:  9 (10) XL:     22   Next: 24%
Magic:  24/30      EV: 32    Int: 15 (16) God:    Hepliaklqana [******]
Gold:   3429       SH: 16    Dex: 29      Spells: 15/25 levels left

rFire   x . .        b - +4 scimitar (flame)
rCold   x . .        u - +2 kite shield
rNeg    + . .        c - quicksilver dragon scales of Beauty {rF+ rN+ Will+ Regen+}
rPois   .            w - +2 helmet
rElec   +            l - +1 cloak of Starlight {*Dazzle EV+4 Stlth--}
rCorr   +            f - +2 pair of gloves
SInv    +            a - +1 pair of boots of Hairiness {rC+ Will+ Int+3}
Will    ++++.        k - amulet of regeneration
Stlth   +            W - +5 ring of evasion
HPRegen 0.00/turn    z - ring of Bijum {rElec rCorr Dex+6}
MPRegen 0.22/turn

%: no passive effects
@: mighty, about to teleport, sick, very slightly contaminated, glowing
A: reduced essence, alive, fangs 3, see invisible, vampiric 2, [deterioration
2], [dopey 2], [screaming 2], [cold vulnerability 2], [heat vulnerability 2]
}: 2/15 runes: serpentine, barnacled
a: Exsanguinate, Renounce Religion, Recall Ancestor, Ancestor Identity,
Transference, Idealise


You were on level 4 of the Abyss.
You worshipped Hepliaklqana.
Hepliaklqana was exalted by your worship.
You visited 8 branches of the dungeon, and saw 39 of its levels.
You visited the Abyss 1 time.
You visited 1 bazaar.

You collected 4843 gold pieces.
You spent 1414 gold pieces at shops.

Inventory:

Hand Weapons
 b - a +4 scimitar of flaming (weapon)
 i - the +11 Singing Sword {sonic wave}
   (You found it on level 4 of the Dungeon)
Missiles
 m - 32 boomerangs
 s - 111 poisoned darts (quivered)
Armour
 a - the +1 pair of boots of Hairiness (worn) {rC+ Will+ Int+3}
   (You bought it in a shop in a bazaar)

   Int:       It affects your intelligence (+3).
   rC:        It protects you from cold.
   Will:      It increases your willpower.
 c - the quicksilver dragon scales of Beauty (worn) {rF+ rN+ Will+ Regen+}
   (You found it on level 4 of the Shoals)

   rF:        It protects you from fire.
   rN:        It protects you from negative energy.
   Regen:     It increases your rate of health regeneration.
   Will:      It increases your willpower.
 f - a +2 pair of gloves (worn)
 l - the +1 cloak of Starlight (worn) {*Dazzle EV+4 Stlth--}
   (You found it on level 4 of the Shoals)

   *Dazzle:   It may blind those who miss an attack against the wearer in melee
   combat.
   EV:        It affects your evasion (+4).
   Stlth:     It makes you much less stealthy.
 u - a +2 kite shield (worn)
 w - a +2 helmet (worn)
Jewellery
 g - a ring of flight
 k - an amulet of regeneration (around neck)
 n - a ring of protection from cold
 o - a ring of protection from fire
 p - an amulet of reflection
 z - the ring of Bijum (right hand) {rElec rCorr Dex+6}
   (You found it on level 12 of the Dungeon)

   [ring of dexterity]

   Dex:       It affects your dexterity (+6).
   rElec:     It insulates you from electricity.
   rCorr:     It protects you from acid and corrosion.
 W - a +5 ring of evasion (left hand)
Wands
 d - a wand of digging (4)
 e - a wand of charming (42)
 j - a wand of polymorph (13)
 q - a wand of flame (37)
 r - a wand of light (31)
 y - a wand of mindburst (10)
 Z - a wand of roots (38)
Scrolls
 h - 3 scrolls of poison
 x - 3 scrolls of butterflies
 D - 2 scrolls of blinking
 E - 5 scrolls of fear
 F - 5 scrolls of fog
 K - a scroll of immolation
 O - 4 scrolls of silence
 V - 4 scrolls of vulnerability
 Y - 12 scrolls of teleportation
Potions
 A - 7 potions of attraction
 B - 9 potions of brilliance
 C - 2 potions of cancellation
 G - 3 potions of ambrosia
 H - 5 potions of haste
 I - a potion of invisibility
 J - 13 potions of curing
 L - 12 potions of flight
 M - 3 potions of might
 N - 8 potions of heal wounds
 P - 6 potions of lignification
 Q - 4 potions of magic
 R - 2 potions of resistance
 T - 2 potions of berserk rage
 U - 7 potions of mutation


   Skills:
 + Level 21.4 Fighting
 - Level 7.3(11.8) Short Blades
 - Level 13.3(14.0) Long Blades
 - Level 0.7 Throwing
 - Level 4.0 Armour
 - Level 16.7 Dodging
 - Level 11.4 Stealth
 - Level 10.0 Shields
 - Level 2.0 Spellcasting
 + Level 19.5 Hexes
 - Level 12.0 Summonings
 - Level 8.0 Translocations
 - Level 11.1 Invocations
 - Level 7.1 Evocations


You had 15 spell levels left.
You knew the following spells:

 Your Spells              Type           Power      Damage    Failure   Level
a - Apportation           Tloc           50%        N/A       7%          1
b - Blink                 Tloc           50%        N/A       11%         2
v - Summon Mana Viper     Hex/Summ       48%        N/A       8%          5
y - Lesser Beckoning      Tloc           50%        N/A       11%         2

Your spell library contained the following spells:

 Spells                   Type           Power      Damage    Failure   Level
 Slow                     Hex            100%       N/A       1%          1
 Call Imp                 Summ           74%        N/A       1%          2
 Confusing Touch          Hex            56%        N/A       1%          3
 Portal Projectile        Hex/Tloc       84%        N/A       1%          3
 Summon Guardian Golem    Hex/Summ       48%        N/A       1%          3
 Tukima's Dance           Hex            56%        N/A       1%          3
 Cause Fear               Hex            28%        N/A       1%          4
 Ensorcelled Hibernation  Hex/Ice        60%        N/A       4%          2
 Call Canine Familiar     Summ           37%        N/A       4%          3
 Inner Flame              Hex/Fire       30%        N/A       10%         3
 Gell's Gravitas          Tloc           25%        N/A       21%         3
 Teleport Other           Tloc           25%        N/A       21%         3
 Anguish                  Hex/Necr       15%        N/A       32%         4
 Leda's Liquefaction      Hex/Erth       15%        N/A       32%         4
 Enfeeble                 Hex            28%        N/A       45%         7
 Manifold Assault         Tloc           25%        N/A       56%         4
 Passage of Golubria      Tloc           25%        N/A       56%         4
 Summon Forest            Summ/Tloc      15%        N/A       63%         5
 Silence                  Hex/Air        15%        N/A       67%         5
 Yara's Violent Unravell  Hex/Tmut       15%        3d8       67%         5
 Vhi's Electric Charge    Tloc/Air       26%        N/A       71%         3
 Summon Ice Beast         Ice/Summ       19%        N/A       83%         4
 Foxfire                  Conj/Fire      4%         2x1d4     88%         1
 Freeze                   Ice            4%         1d3       88%         1
 Magic Dart               Conj           4%         1d3       88%         1
 Summon Cactus Giant      Summ           18%        N/A       90%         6
 Passwall                 Tmut/Erth      0%         N/A       95%         2
 Iskenderun's Mystic Bla  Conj/Tloc      13%        2d5       98%         4
 Frozen Ramparts          Ice            2%         1d1       99%         3
 Hailstorm                Conj/Ice       1%         3d3       99%         3
 Mephitic Cloud           Conj/Pois/Air  1%         N/A       99%         3
 Swiftness                Air            1%         N/A       99%         3
 Vampiric Draining        Necr           1%         2d6       99%         3
 Ice Form                 Ice/Tmut       1%         N/A       100%        4
 Alistair's Intoxication  Tmut/Pois      0%         N/A       100%        5
 Blade Hands              Tmut           0%         N/A       100%        5
 Fireball                 Conj/Fire      0%         3d3       100%        5
 Iskenderun's Battlesphe  Conj           1%         2d6       100%        5
 Conjure Ball Lightning   Conj/Air       0%         3x3d6     100%        6
 Dispersal                Tloc           12%        N/A       100%        6
 Simulacrum               Ice/Necr       0%         N/A       100%        6
 Monstrous Menagerie      Summ           18%        N/A       100%        7
 Orb of Destruction       Conj           0%         9d5       100%        7
 Spellforged Servitor     Conj/Summ      9%         N/A       100%        7
 Disjunction              Tloc           12%        N/A       100%        8
 Lehudib's Crystal Spear  Conj/Erth      0%         10d2      100%        8


Dungeon Overview and Level Annotations

Branches:
Dungeon (15/15) Zot: 24767  Temple (1/1) D:5 Zot: 5998    Lair (5/5) D:8 Zot: 23594
 Shoals (4/4) Lair:2 Zot: 18516   Snake (4/4) Lair:2 Zot: 18215   Slime (0/5) Lair:5
    Orc (2/2) D:10 Zot: 9960     Elf (0/3) Orc:2        Vaults (4/5) D:14 Zot: 18748
  Crypt (0/3) Vaults:2     Depths (4/4) D:15 Zot: 18353     Zot (0/5) Depths:4

Altars:
Cheibriados
Dithmenos
Hepliaklqana
Kikubaaqudgha
Makhleb
Nemelex Xobeh
Okawaru
Qazlal
Ru
Sif Muna
Trog
Vehumet
Wu Jian
Xom
Yredelemnul
Jiyva

Shops:
D:2 *!   D:9 *   D:10 =(*   Orc:2 (:??   Shoals:4 *   Snake:2 :   Snake:4 :
Vaults:1 (   Vaults:4 [   Depths:1 :   Depths:4 (

Portals:
Hell: Lair:5 Depths:1 Depths:2 Depths:3
Abyss: Depths:3
Pandemonium: Depths:2
Ziggurat: Depths:2
Trove: D:13 (give 5 scrolls of fear)

Annotations:
D:7 1 runed translucent door, exclusions: downstairs and 3 lemures, Crazy Yiuf, Pikel
D:11 exclusion: 3 oklob plants
D:12 exclusions: battlemage and 2 doors, Jorgrun
D:15 6 exclusions
Shoals:1 1 exclusion, Frances
Vaults:3 3 runed translucent doors
Vaults:4 3 runed translucent doors, eruonna's ghost, veteran HOBe
Depths:3 1 runed translucent door, Wulfey's ghost, adept MiBe
Depths:4 exclusion: hell hog


Innate Abilities, Weirdness & Mutations

Your life essence is reduced to manifest your ancestor. (-10% HP)
Your natural rate of healing is accelerated.
You have razor-sharp teeth.
You have supernaturally acute eyesight. (SInv)
You are afflicted with vampirism and can become a bat while bloodless.
[Your body often deteriorates upon taking damage.]
[You are very dopey. (Int -4)]
[You frequently scream uncontrollably at your foes.]
[You are very vulnerable to cold. (rC--)]
[You are very vulnerable to heat. (rF--)]


Message History

* * * LOW HITPOINT WARNING * * *
A starspawn tentacle comes into view.
You slash the tentacled starspawn! You burn the tentacled starspawn.
The tentacled starspawn is heavily damaged.
The tentacled starspawn completely misses you.
The tentacled starspawn misses you.
The daeva calls down the wrath of the Shining One upon you.
The Shining One smites you!
* * * LOW HITPOINT WARNING * * *
A sixfirhy comes into view.
You scream at the sixfirhy!
You feel much better.
The starspawn tentacle grabs your mana viper.
The starspawn tentacle constricts your mana viper.
The starspawn tentacle loses its grip on your mana viper.
The tentacle pulls your mana viper backwards!
The tentacled starspawn misses you.
The tentacled starspawn closely misses you.
You slice the tentacled starspawn!! You burn the tentacled starspawn.
The tentacled starspawn is almost destroyed.
The tentacled starspawn misses you.
You block the tentacled starspawn's attack.
The daeva calls down the wrath of the Shining One upon you.
The Shining One smites you!
* * * LOW HITPOINT WARNING * * *
Casting: Summon Mana Viper (dangerous; 8% risk of failure)
Confirm with . or Enter, or press ? or * to list all spells.
You miscast Blink.
You are very lightly contaminated with residual magic.
Nothing appears to happen.
The starspawn tentacle grabs your mana viper.
The starspawn tentacle constricts your mana viper.
The starspawn tentacle loses its grip on your mana viper.
The tentacle pulls your mana viper backwards!
The tentacled starspawn bites you!!
* * * LOW HITPOINT WARNING * * *
The tentacled starspawn misses you.
The daeva calls down the wrath of the Shining One upon you.
The Shining One smites you!
You die...

∩# # #⌠'⌠# . #
##' .# . ⌠.....
.#.## #
P#w.##*..#.## .
. #X.. ...#
.....#RX##....#
#.. . ..
A##.3.# . # .
.. # #x#@.# .##
..* .
#AX#.S...#.###
. . .
###─w#..#..# #.
.. ###.#.... .
.. #. ...#..
... . . .§## .
.. # ... .## #
. #. .#.. # ...
# .# #


You could see a daeva, a tentacled starspawn (ally target), a sixfirhy, a
starspawn tentacle and a friendly mana viper (summoned).

Vanquished Creatures
  A golden dragon (Depths:4)
  A bone dragon (Abyss:4)
  A tentacled monstrosity (Depths:4)
  A walking earthen tome (Depths:4)
  A walking divine tome (Depths:3)
  2 liches
  An Executioner (Abyss:3)
  2 sphinxes
  Polyphemus (Shoals:2)
  2 tengu reavers
  A shadow dragon (Depths:2)
  A daeva (Abyss:4)
  A nagaraja (Snake:4)
  A storm dragon (D:12)
  9 fire giants
  6 frost giants
  6 vault wardens
  An orc warlord (Orc:1)
  A draconian annihilator (Depths:4)
  A war gargoyle (Vaults:4)
  11 ironbound preservers
  2 spriggan defenders (Depths:3)
  15 very ugly things
  6 ironbound thunderhulks
  5 stone giants
  A vampire knight (Depths:2)
  2 eleionomae (Shoals:1)
  A yellow draconian (Depths:4)
  A white draconian (Depths:4)
  5 dire elephants
  6 spark wasps
  An eidolon (Vaults:2)
  6 fire dragons
  2 crystal guardians (Vaults:4)
  7 ettins
  5 merfolk javelineers
  A spriggan zombie (Abyss:3)
  2 great orbs of eyes
  3 merfolk impalers
  An entropy weaver (Vaults:2)
  2 yaktaur captains
  A vault guard (Vaults:1)
  6 ice dragons
  Fannar (Lair:1)
  3 salamander tyrants
  2 peacekeepers
  A spriggan skeleton (Depths:1)
  2 ironbound frosthearts
  2 spriggan air magi (Depths:3)
  3 alligator snapping turtles
  4 boulder beetles
  3 two-headed ogres (D:12)
  3 hydras
  7 naga warriors
  6 anacondas
  5 merfolk aquamancers
  6 centaur warriors
  A merfolk avatar (Shoals:1)
  4 satyrs
  3 deep troll shamans
  3 death yaks
  Urug (Lair:1)
  2 orc high priests (Orc:2)
  7 naga sharpshooters
  A thrashing horror (Abyss:3)
  6 deep troll earth magi
  3 spriggan berserkers
  A vampire mage (Depths:2)
  A death yak (shapeshifter) (Depths:3)
  6 hell knights (Depths:4)
  4 shock serpents
  A sun demon (Depths:2)
  5 tengu warriors
  2 skysharks (Shoals:2)
  A wretched star (Abyss:4)
  4 iron trolls
  4 salamander mystics
  4 sea snakes
  An orb spider (shapeshifter) (Depths:1)
  44 deep trolls
  4 glowing orange brains
  11 lindwurms
  4 wizards
  8 orc knights
  3 naga ritualists
  10 harpies
  10 ironbound convokers
  2 necromancers
  A deep elf pyromancer (D:12)
  31 ugly things
  A tengu skeleton (Depths:1)
  12 manticores
  3 orc sorcerers
  4 cyclopes
  8 mana vipers
  15 fauns
  15 elephants
  A rust devil (Abyss:3)
  A wolf spider (D:15)
  3 merfolk sirens
  Maurice (Orc:1)
  3 vault sentinels
  13 salamanders
  Joseph (D:8)
  20 black mambas
  A molten gargoyle (Depths:4)
  5 water nymphs
  3 smoke demons
  5 cane toads
  An orange demon (Lair:5)
  2 torpor snails (Lair:5)
  A guardian serpent (Snake:1)
  7 naga magi
  2 gargoyles (D:12)
  4 unseen horrors
  2 efreet
  16 yaktaurs
  An ice devil (Lair:4)
  3 ancient zymes (Abyss:4)
  A tengu conjurer (D:15)
  7 komodo dragons
  2 kobold demonologists
  5 rime drakes
  2 polar bears
  13 merfolk
  4 wind drakes
  A meliai (D:10)
  5 trolls
  5 snapping turtles
  5 nameless horrors
  A hornet (Depths:3)
  3 blink frogs (Lair:1)
  A blink frog (shapeshifter) (D:15)
  2 large abominations
  5 dream sheep
  26 slime creatures
  A shadow (D:12)
  A vampire (D:13)
  2 spriggans
  3 wraiths
  2 wyverns
  34 yaks
  3 basilisks
  9 water elementals
  A fire elemental (Snake:1)
  4 starcursed masses
  8 humans
  2 redbacks (Vaults:2)
  Menkaure (D:7)
  8 vampire mosquitoes
  25 nagas
  Grum (D:8)
  A chaos spawn (Abyss:3)
  6 wargs
  An acid dragon (D:12)
  5 hell hounds
  7 water moccasins
  A sky beast (D:8)
  15 orc warriors
  A black bear (D:6)
  3 ogres
  9 wolves
  12 centaurs
  4 kobold brigands
  6 bullfrogs
  3 gnoll sergeants
  5 scorpions
  14 wights
  2 killer bees (D:8)
  An electric eel (D:12)
  2 howler monkeys
  7 orc priests
  3 jellies (Lair:5)
  3 hounds
  5 iguanas
  12 orc wizards
  5 adders
  11 gnolls
  A white imp (Vaults:1)
  2 ufetubi
  3 dart slugs
  38 orcs
  7 bats
  5 endoplasms
  3 giant cockroaches
  4 goblins
  11 hobgoblins
  25 kobolds
  4 ball pythons
  18 frilled lizards
  5 rats
991 creatures vanquished.

Vanquished Creatures (collateral kills)
  A golden dragon (Depths:4)
  Rupert (D:13)
  A lich (Abyss:4)
  A walking divine tome (Depths:2)
  A sphinx (Depths:3)
  2 storm dragons (Depths:3)
  2 tengu reavers
  A revenant (Abyss:3)
  Donald (Snake:1)
  4 frost giants
  3 nagarajas
  A balrug (Depths:2)
  3 vault wardens
  A deep elf sorcerer (Vaults:1)
  A caustic shrike zombie (Depths:1)
  A draconian shifter (Depths:4)
  A draconian annihilator (Depths:4)
  5 stone giants (Depths:3)
  A war gargoyle (Vaults:2)
  4 very ugly things
  7 ironbound preservers
  4 ironbound thunderhulks
  2 green draconians
  5 dire elephants
  Azrael (Snake:1)
  A yellow draconian (Depths:4)
  Snorg (D:11)
  4 merfolk impalers
  5 fire dragons
  A yaktaur captain (Vaults:3)
  Josephine (Lair:4)
  4 ice dragons
  3 rakshasas
  2 vault guards
  A hydra (D:15)
  3 salamander tyrants
  2 spriggan air magi
  A catoblepas (Shoals:2)
  2 alligator snapping turtles (Shoals:4)
  2 two-headed ogres
  5 merfolk aquamancers
  2 centaur warriors (D:13)
  3 ironbound frosthearts (Vaults:1)
  2 boulder beetles
  4 anacondas
  3 deep troll shamans
  3 tengu warriors
  4 naga warriors
  3 death yaks
  2 deep troll earth magi
  An orc high priest (Orc:2)
  A spriggan berserker (Depths:3)
  2 naga sharpshooters
  A sun demon (Depths:4)
  4 shock serpents
  4 hell knights
  A soul eater (Abyss:3)
  3 iron trolls
  3 salamander mystics
  6 skysharks
  A sea snake (shapeshifter) (D:15)
  3 sixfirhies
  2 sea snakes
  23 deep trolls
  4 wizards
  4 ironbound convokers
  2 naga ritualists
  A phantasmal warrior (Vaults:2)
  A necromancer (Vaults:2)
  A deep elf pyromancer (D:14)
  9 lindwurms
  4 orc knights
  4 orc sorcerers
  10 harpies
  3 starcursed masses
  10 salamanders
  10 ugly things
  5 mana vipers
  A will-o-the-wisp (Abyss:4)
  A faun (shapeshifter) (Vaults:1)
  An oklob plant (Abyss:4)
  7 fauns
  7 manticores
  7 guardian serpents
  5 merfolk sirens
  An apocalypse crab (Abyss:4)
  2 cyclopes
  9 elephants (Lair:3)
  7 vault sentinels
  10 naga magi
  3 orange demons (Lair:5)
  2 smoke demons
  17 black mambas
  6 water nymphs
  A cane toad (Lair:1)
  A demonic crawler (Abyss:4)
  An unseen horror (D:12)
  3 komodo dragons
  7 yaktaurs
  2 ancient zymes
  2 trolls
  A tengu conjurer (Depths:1)
  9 merfolk
  A wind drake (shapeshifter) (Abyss:4)
  A polar bear (Lair:1)
  4 wind drakes
  A nameless horror (Shoals:1)
  4 blink frogs
  5 dream sheep
  6 snapping turtles
  17 slime creatures
  A centaur simulacrum (D:15)
  11 water elementals
  A flying skull (Abyss:3)
  5 wraiths
  23 yaks
  A spriggan (shapeshifter) (D:14)
  A fire elemental (Snake:1)
  4 basilisks
  A hog (shapeshifter) (D:13)
  2 steam dragons (D:8)
  8 humans
  A redback (Vaults:2)
  6 water moccasins
  4 large abominations
  A warg (D:15)
  20 nagas
  3 hell hounds
  15 orc warriors
  A floating eye (D:11)
  A black bear (Lair:1)
  5 wolves
  A centaur (D:8)
  A kobold brigand (D:9)
  4 bullfrogs
  A gnoll sergeant (D:9)
  3 small abominations (Abyss:4)
  A scorpion (D:6)
  14 wights
  2 killer bees (D:8)
  An electric eel (D:14)
  A hound (D:6)
  2 quasits
  3 jellies
  2 iron imps
  10 orc priests
  2 iguanas
  7 orc wizards
  An adder (D:6)
  5 gnolls
  2 white imps
  A worm (D:4)
  38 orcs
  A ball python (D:4)
  2 hobgoblins (D:4)
  A quokka (D:4)
  32 kobolds
  A butterfly (Lair:4)
  A fire vortex (Depths:4)
649 creatures vanquished.

Vanquished Creatures (others)
  Nessos (D:14)
  A naga (Snake:1)
  A kobold brigand (D:10)
  An orc wizard (Orc:2)
  64 battlemagi
  4 foxfires (Abyss:4)
  4 starspawn tentacles (Abyss:4)
76 creatures vanquished.

Grand Total: 1716 creatures vanquished

Notes
Turn   | Place    | Note
-------+----------+-------------------------------------------
     0 | D:1      | Twinkles the Vampire Warper began the quest for the Orb.
     0 | D:1      | Reached XP level 1. HP: 16/16 MP: 3/3
    91 | D:1      | Reached skill level 1 in Stealth
   100 | D:1      | Reached skill level 2 in Fighting
   100 | D:1      | Reached XP level 2. HP: 16/22 MP: 5/5
   403 | D:2      | Gained mutation: You are afflicted with vampirism and can
                  | become a bat while bloodless. [Vampire growth]
   403 | D:2      | Reached XP level 3. HP: 15/27 MP: 6/6
   536 | D:2      | Found Hiovea's General Store.
   568 | D:2      | Bought a scroll of identify for 28 gold pieces
   709 | D:2      | Identified the +3 robe of Chill Winds {Str+5}
   816 | D:2      | Found a sparkling altar of Nemelex Xobeh.
  1042 | D:2      | Reached XP level 4. HP: 32/34 MP: 7/7
  1165 | D:2      | Found Yrot's Distillery.
  1641 | D:3      | Learned a level 2 spell: Blink
  2008 | D:3      | Found a snail-covered altar of Cheibriados.
  2008 | D:3      | Found a sacrificial altar of Ru.
  2014 | D:3      | Found a radiant altar of Vehumet.
  2016 | D:3      | Found a shadowy altar of Dithmenos.
  2018 | D:3      | Found a faded altar of an unknown god.
  2043 | D:3      | Prayed at the altar of an unknown god.
  2043 | D:3      | Became a worshipper of Hepliaklqana the Forgotten
  2043 | D:3      | Reached * piety under Hepliaklqana
  2122 | D:4      | Reached XP level 5. HP: 26/36 MP: 8/8
  2154 | D:4      | Found an iron altar of Okawaru.
  2249 | D:4      | Reached skill level 3 in Fighting
  2350 | D:4      | Reached XP level 6. HP: 30/42 MP: 9/9
  2691 | D:4      | Reached ** piety under Hepliaklqana
  2785 | D:4      | Found the +11 Singing Sword {sonic wave}
  2806 | D:4      | Reached skill level 5 in Stealth
  2872 | D:5      | Entered Level 5 of the Dungeon
  2873 | D:5      | Remembered your ancestor Titus as a battlemage
  2907 | D:5      | Found a staircase to the Ecumenical Temple.
  2921 | Temple   | Entered the Ecumenical Temple
  3021 | D:5      | Reached XP level 7. HP: 44/47 MP: 10/10
  3489 | D:5      | Reached skill level 4 in Fighting
  3665 | D:5      | Found an ornate altar of the Wu Jian Council.
  3820 | D:6      | Reached skill level 5 in Dodging
  3961 | D:6      | Reached *** piety under Hepliaklqana
  4302 | D:6      | Reached XP level 8. HP: 54/54 MP: 11/11
  4311 | D:6      | Reached skill level 1 in Short Blades
  4571 | D:7      | Reached skill level 5 in Fighting
  4690 | D:7      | HP: 17/56 [yak (11)]
  4695 | D:7      | Reached XP level 9. HP: 15/61 MP: 12/12
  4824 | D:7      | HP: 20/62 [poisoned by a water moccasin]
  4829 | D:7      | HP: 14/62 [poisoned by a water moccasin]
  5169 | D:7      | Reached skill level 6 in Fighting
  5414 | D:7      | Noticed Menkaure
  5422 | D:7      | Killed Menkaure
  5423 | D:7      | Reached skill level 5 in Short Blades
  5423 | D:7      | Reached skill level 10 in Stealth
  5511 | D:7      | Found a runed translucent door.
  5511 | D:7      | Found the +6 shillelagh "Devastator" {shatter}
  5512 | D:7      | Noticed Crazy Yiuf
  5791 | D:7      | Noticed Pikel
  5812 | D:7      | You fall into a shaft and drop 1 floor!
  6127 | D:8      | Reached skill level 1 in Shields
  6205 | D:8      | Noticed Joseph
  6228 | D:8      | Noticed Grum
  6452 | D:8      | Reached XP level 10. HP: 69/69 MP: 13/13
  6554 | D:8      | Reached **** piety under Hepliaklqana
  6595 | D:8      | Reached skill level 7 in Fighting
  6738 | D:8      | Killed Grum
  6826 | D:8      | Found a staircase to the Lair.
  7184 | D:9      | Noticed an orange demon
  7190 | D:9      | Reached skill level 1 in Invocations
  7201 | D:9      | Noticed a two-headed ogre
  7214 | D:9      | Killed a two-headed ogre
  7764 | D:9      | Reached skill level 5 in Long Blades
  8375 | D:9      | Found a bloodstained altar of Trog.
  8436 | D:9      | Reached skill level 8 in Fighting
  8540 | D:10     | Entered Level 10 of the Dungeon
  8545 | D:10     | Reached XP level 11. HP: 77/77 MP: 14/14
  8596 | D:10     | Noticed a tengu warrior
  8729 | D:10     | Found Kunakk's General Store.
  8729 | D:10     | Found Ihael's Antique Weapon Shoppe.
  8729 | D:10     | Found Zoemeg's Jewellery Shoppe.
  8851 | D:10     | Noticed a tengu warrior
  8962 | D:9      | Killed a tengu warrior
  8990 | D:10     | Noticed an orc knight
  9009 | D:10     | Killed an orc knight
  9010 | D:10     | Reached skill level 10 in Dodging
  9156 | D:10     | Identified the +1 leather armour of the Northern Lights
                  | {-Tele rElec Int-3 Slay+5}
  9182 | D:10     | Identified the staff of poison "Toennaor" {rPois Dex+4}
  9361 | D:9      | Killed a tengu warrior
  9530 | D:10     | Found a staircase to the Orcish Mines.
  9835 | D:10     | Reached skill level 5 in Invocations
 10007 | D:10     | Reached skill level 9 in Fighting
 10283 | Lair:1   | Entered Level 1 of the Lair of Beasts
 10525 | Lair:1   | Noticed Fannar
 10545 | Lair:1   | Killed Fannar
 10546 | Lair:1   | Reached XP level 12. HP: 85/85 MP: 16/16
 10762 | Lair:1   | Noticed Urug
 10773 | Lair:1   | HP: 26/85 [Urug/javelin (13)]
 10778 | Lair:1   | HP: 25/85 [yak (4)]
 10787 | Lair:1   | Killed Urug
 11455 | Lair:2   | Found a staircase to the Snake Pit.
 11661 | Lair:2   | Reached ***** piety under Hepliaklqana
 11845 | Lair:2   | Found a staircase to the Shoals.
 11854 | Lair:2   | Reached skill level 5 in Shields
 12339 | Lair:3   | Reached skill level 10 in Fighting
 12576 | Lair:3   | Reached XP level 13. HP: 92/92 MP: 18/18
 12852 | Lair:3   | Noticed a dire elephant
 12866 | Lair:3   | Killed a dire elephant
 13520 | Lair:4   | You fall into a shaft and drop 1 floor!
 13520 | Lair:5   | Entered Level 5 of the Lair of Beasts
 13673 | Lair:4   | Noticed Josephine
 14372 | Lair:4   | Identified the ring of Wu Jian's Benevolence {Ice Str+3
                  | Int-4 Dex+3}
 14411 | Lair:4   | Killed Josephine
 14727 | Lair:5   | Found a viscous altar of Jiyva.
 14729 | Lair:5   | Found a staircase to the Slime Pits.
 14761 | Lair:5   | Reached ****** piety under Hepliaklqana
 14905 | Lair:5   | Found a viscous altar of Jiyva.
 15054 | Lair:5   | Reached skill level 11 in Fighting
 15114 | Lair:5   | Reached skill level 10 in Long Blades
 15428 | Lair:5   | Reached XP level 14. HP: 86/101 MP: 20/20
 15767 | Lair:5   | Found a burning altar of Makhleb.
 16098 | Lair:5   | Found a gateway to Hell.
 16105 | Lair:5   | Identified the +3 morningstar of the Lame Duck {freeze,
                  | Int+4}
 16794 | D:11     | Noticed Snorg
 16831 | D:11     | Killed Snorg
 17366 | D:12     | Noticed Jorgrun
 18476 | D:12     | Reached skill level 12 in Fighting
 18556 | D:12     | Noticed a storm dragon
 18565 | D:12     | Killed a storm dragon
 18696 | D:12     | Identified the ring of Bijum {rElec rCorr Dex+6}
 19069 | D:13     | Reached XP level 15. HP: 101/108 MP: 22/22
 19178 | D:13     | Found a portal to a secret trove of treasure.
 19343 | D:13     | Reached skill level 10 in Invocations
 19762 | D:14     | Noticed Nessos
 19762 | D:14     | Noticed Rupert
 19762 | D:14     | Found a gate to the Vaults.
 19843 | D:14     | Identified the +1 chain mail of Hysteria {rF+ Dex+3}
 19911 | D:14     | Killed Nessos
 20363 | D:14     | Found a shimmering altar of Xom.
 20590 | D:15     | Entered Level 15 of the Dungeon
 21308 | D:15     | Found a staircase to the Depths.
 21932 | Orc:1    | Entered Level 1 of the Orcish Mines
 21952 | Orc:1    | Reached skill level 10 in Shields
 22173 | Orc:2    | Entered Level 2 of the Orcish Mines
 22350 | Orc:2    | Found a staircase to the Elven Halls.
 22742 | Orc:2    | Found Siunk's Magic Scroll Emporium.
 22762 | Orc:2    | Reached skill level 13 in Fighting
 23049 | Orc:1    | Noticed Maurice
 23062 | Orc:1    | Killed Maurice
 23476 | Orc:2    | Reached skill level 5 in Translocations
 23575 | Orc:2    | Found Viklam's Book Shop.
 23581 | Orc:2    | Found Makuv's Weapon Shop.
 23584 | Orc:2    | Found Uheipucw's Magic Scroll Emporium.
 23903 | Orc:2    | Bought a book of Beasts for 494 gold pieces
 23909 | Orc:2    | Learned a level 5 spell: Summon Mana Viper
 24098 | Snake:1  | Entered Level 1 of the Snake Pit
 24121 | Snake:1  | Reached skill level 1 in Hexes
 24159 | Snake:1  | Reached skill level 1 in Summonings
 24159 | Snake:1  | Reached XP level 16. HP: 97/117 MP: 23/23
 24255 | Snake:1  | Noticed Donald
 24268 | Snake:1  | Killed Donald
 24656 | Snake:1  | Noticed Azrael
 24674 | Snake:1  | Killed Azrael
 24971 | Snake:2  | Found Voagiowi's Book Shop.
 25393 | Snake:2  | Reached skill level 5 in Hexes
 25798 | Snake:2  | HP: 32/118 [nagaraja/bolt of poison (33)]
 26385 | Snake:3  | Reached skill level 14 in Fighting
 26656 | Snake:3  | Reached skill level 5 in Summonings
 27406 | Snake:4  | Entered Level 4 of the Snake Pit
 27689 | Snake:4  | HP: 38/119 [salamander/+0 halberd (5)]
 27971 | Snake:4  | Found Ynwepet's Book Boutique.
 28046 | Snake:4  | Reached XP level 17. HP: 84/125 MP: 24/24
 28739 | Snake:4  | Learned a level 2 spell: Lesser Beckoning
 29110 | Snake:4  | Reached skill level 10 in Hexes
 29779 | Snake:4  | Got a serpentine rune of Zot
 29983 | Shoals:1 | Entered Level 1 of the Shoals
 30441 | Shoals:1 | Noticed Frances
 31828 | Shoals:2 | Noticed Polyphemus
 31881 | Shoals:2 | Killed Polyphemus
 31959 | Shoals:2 | Reached XP level 18. HP: 129/133 MP: 18/25
 32062 | Shoals:2 | Reached skill level 10 in Summonings
 32299 | Shoals:2 | Reached skill level 15 in Fighting
 32841 | Shoals:2 | Reached skill level 15 in Dodging
 33157 | Shoals:3 | Found a flickering gateway to a bazaar.
 33198 | Bazaar   | Entered a bazaar
 33198 | Bazaar   | Found Leiskeic's Assorted Antiques.
 33198 | Bazaar   | Found Duuj's Armour Shoppe.
 33198 | Bazaar   | Found Ipionk's Armour Emporium.
 33221 | Bazaar   | Bought the +1 pair of boots of Hairiness {rC+ Will+ Int+3}
                  | for 354 gold pieces
 33244 | Bazaar   | Upgraded the game from 0.30.0-11-gf55b779eaf to
                  | 0.30.0-13-g156ef70053
 33246 | Bazaar   | Bought a potion of mutation for 120 gold pieces
 33246 | Bazaar   | Bought a scroll of brand weapon for 142 gold pieces
 33246 | Bazaar   | Bought a scroll of fog for 60 gold pieces
 33246 | Bazaar   | Bought a potion of ambrosia for 120 gold pieces
 33950 | Shoals:4 | Entered Level 4 of the Shoals
 34149 | Shoals:4 | Found the +1 cloak of Starlight {*Dazzle EV+4 Stlth--}
 34640 | Shoals:4 | Found Watej's Assorted Antiques.
 35060 | Shoals:4 | Got Kulyttom's Directory of Blasts
 35211 | Shoals:4 | Identified the quicksilver dragon scales of Beauty {rF+ rN+
                  | Will+ Regen+}
 35533 | Shoals:4 | Got a barnacled rune of Zot
 35724 | Shoals:4 | Bought a potion of lignification for 96 gold pieces
 36038 | D:13     | Killed Rupert
 36186 | Vaults:1 | Entered Level 1 of the Vaults
 36412 | Vaults:1 | Reached skill level 15 in Hexes
 36975 | D:8      | Killed Joseph
 37291 | Vaults:1 | Reached skill level 16 in Fighting
 37296 | Vaults:1 | Identified the +8 ring mail of Asceticism {SInv}
 37393 | Vaults:1 | Reached XP level 19. HP: 121/141 MP: 21/27
 37551 | Vaults:1 | Found Gagotoad's Weapon Boutique.
 37881 | Vaults:1 | Reached skill level 1 in Armour
 38850 | Vaults:2 | Found a staircase to the Crypt.
 39413 | Vaults:3 | Reached skill level 17 in Fighting
 39501 | Vaults:3 | Found a runed translucent gate.
 39502 | Vaults:3 | Found a runed translucent gate.
 39502 | Vaults:3 | Found a runed translucent gate.
 40032 | Vaults:3 | Reached XP level 20. HP: 151/151 MP: 28/28
 40547 | Vaults:4 | Found a runed translucent gate.
 40547 | Vaults:4 | Found a runed translucent gate.
 40547 | Vaults:4 | Found an ancient bone altar of Kikubaaqudgha.
 40547 | Vaults:4 | Found a runed translucent gate.
 40547 | Vaults:4 | Noticed a dread lich
 40547 | Vaults:4 | Noticed an ancient lich
 40547 | Vaults:4 | Noticed a dread lich
 40547 | Vaults:4 | Noticed eruonna's ghost (veteran HOBe)
 40874 | Vaults:4 | Reached skill level 18 in Fighting
 41037 | Vaults:4 | Found Zanole Megh's Armour Shoppe.
 41490 | Vaults:4 | HP: 25/154 [ancient lich/crystal spear (110)]
 41967 | Depths:1 | Entered Level 1 of the Depths
 42047 | Depths:1 | Reached skill level 19 in Fighting
 42263 | Depths:1 | Found a shimmering blue altar of Sif Muna.
 42298 | Depths:1 | Found Finninis's Book Shop.
 42615 | Depths:1 | Found a basalt altar of Yredelemnul.
 42647 | Depths:1 | Identified the +6 scale mail of Mezcal {Dex+2}
 42963 | Depths:2 | Found a stormy altar of Qazlal.
 43229 | Depths:2 | Reached skill level 1 in Evocations
 43307 | Depths:2 | Found a one-way gate leading to the halls of Pandemonium.
 43324 | Depths:2 | Identified the +4 flail of the Several Souls {distort,
                  | rElec}
 43435 | Depths:2 | Found a one-way gateway to a ziggurat.
 43786 | Depths:2 | Reached skill level 20 in Fighting
 43958 | Depths:3 | Reached XP level 21. HP: 137/164 MP: 29/29
 44087 | Depths:3 | Found a runed translucent door.
 44087 | Depths:3 | Noticed Wulfey's ghost (adept MiBe)
 44416 | Depths:2 | Identified the +0 chain mail "Hymubb" {*Corrode rElec rC++
                  | rN+}
 44618 | Depths:3 | Reached skill level 5 in Evocations
 45032 | Depths:3 | HP: 49/165 [living spell/divine providence[a walking divine
                  | tome] (11)]
 45032 | Depths:3 | HP: 14/165 [living spell/divine providence[a walking divine
                  | tome] (12)]
 45042 | Depths:2 | HP: 51/165 [spark wasp/living lightning (9)]
 45052 | Depths:2 | HP: 54/165 [spark wasp (4)]
 45338 | Depths:3 | Found a one-way gate to the infinite horrors of the Abyss.
 46043 | Depths:4 | Entered Level 4 of the Depths
 46872 | Depths:4 | Identified the amulet "Tyrat" {Faith rPois rC- rCorr Dex+6}
 47046 | Depths:4 | Noticed a golden dragon
 47067 | Depths:4 | Killed a golden dragon
 47088 | Depths:4 | Reached skill level 21 in Fighting
 47146 | Depths:4 | Found a gate to the Realm of Zot.
 47149 | Depths:4 | Noticed a golden dragon
 47154 | Depths:4 | Reached XP level 22. HP: 170/174 MP: 30/30
 47159 | Depths:4 | Killed a golden dragon
 47260 | Depths:4 | Found Eduir's Antique Weapon Shop.
 47498 | Depths:4 | Learned a level 1 spell: Apportation
 47614 | Depths:3 | Voluntarily entered the Abyss.
 47966 | Abyss:4  | HP: 55/174 [poisoned by a green draconian (poison gas)]
 47992 | Abyss:4  | HP: 60/174 [bone dragon (16)]
 48279 | Abyss:4  | HP: 52/174 [daeva/divine providence (10)]
 48284 | Abyss:4  | HP: 28/174 [daeva/divine providence (12)]
 48287 | Abyss:4  | HP: 5/174 [tentacled starspawn (23)]
 48287 | Abyss:4  | Killed from afar by a daeva

Illustrated notes

Levels and vault maps discovered:
D:1:      dpeg_arrival_solitude, layout_rooms
D:2:      layout_basic, serial_shops, shop, shop, basic_altar
D:3:      layout_basic, chequers_temple_overflow_minitemple,
          chequers_serial_rivers_large_b, minmay_misc_feat_tiny,
          minmay_lizard_king
D:4:      old_forge, layout_cave_pools, lemuel_crystal_altar
D:5:      kennysheep_kobold_camp, layout_basic, lemuel_round_altar,
          minmay_temple_entry_purple_smoke, st_stairs_14
D:6:      layout_loops_ring, nicolae_water_bricks
D:7:      layout_loops_ring, uniq_pikel, uniq_crazy_yiuf_cottage, uniq_menkaure
D:8:      layout_basic, lair_entry_dummy, uniq_grum, uniq_joseph
D:9:      layout_cave_pools, trog_butcher_becter
D:10:     minmay_cut_squares, layout_loops_ring, orc_0_dummy,
          nicolae_shop_distant_corner_stores, minivault_22,
          small_statue_intersection, grunt_ministairs_4,
          nicolae_underground_beach
D:11:     layout_basic, minivault_27, disabler_island, uniq_snorg
D:12:     nzn_winding_woodlands_huge [nzn_winding_woodlands_5x15_garden,
          nzn_winding_woodlands_5x15_pockets,
          nzn_winding_woodlands_5x15_river_crossing,
          nzn_winding_woodlands_5x15_sawtooth,
          nzn_winding_woodlands_5x15_split_checker,
          nzn_winding_woodlands_5x15_concentric,
          nzn_winding_woodlands_5x15_jagged, nzn_winding_woodlands_5x15_cabin,
          nzn_winding_woodlands_5x15_zeroes, nzn_winding_woodlands_5x15_pool,
          nzn_winding_woodlands_center_lodge,
          nzn_winding_woodlands_center_pierced_h,
          nzn_winding_woodlands_15x15_thick_spiral], layout_rooms, uniq_jorgrun
D:13:     nicolae_BIG_FREAKIN_CUBE, layout_basic, enter_trove_1
D:14:     layout_rooms, david_vaults_3, serial_bayou_ford_a, xom_teletrap_fun
D:15:     hangedman_depths_entry_try_elsewhere_first, layout_loops_corners,
          gauntlet_entry_generic, elyvilon_altar_1, chequers_garden
Temple:   regret_index_temple_waves
Lair:1:   layout_loops_ring, grunt_megastairs_1, uniq_fannar, uniq_urug
Lair:2:   layout_gridlike, minmay_shoals_entry_lonely_mermaid,
          guppyfry_snake_entry_garden
Lair:3:   mu_elephants_graveyard, layout_chaotic_city, grunt_megastairs_4
Lair:4:   layout_cellular_growth, nicolae_lair_lindhole, serial_bayou_shore_a,
          grunt_megastairs_5, lemuel_fruit_fields, uniq_josephine
Lair:5:   evil_forest, layout_long_grid, nicolae_slime_entry_field_trip,
          enter_volcano_4, columned_hall_lemuel, chequers_serial_rivers_micro_c,
          infiniplex_staircase_pool_2
Shoals:1: layout_shoals, nicolae_shoals_enchanted_isle, uniq_frances
Shoals:2: layout_shoals, nicolae_shoals_water_shrine, uniq_polyphemus
Shoals:3: layout_shoals, serial_shops, bzr_entry_lakeside
Shoals:4: shoals_end_hangedman, layout_shoals, serial_shops, shop
Snake:1:  layout_misc_corridors, uniq_donald, uniq_azrael
Snake:2:  layout_misc_corridors, serial_shops, nicolae_book_shop_shelving,
          grunt_ministairs_15
Snake:3:  layout_layer_cave
Snake:4:  snake_pit_salamanders_mu, layout_cave_town, serial_shops, shop,
          lemuel_fruit_tree
Orc:1:    layout_caves, uniq_maurice
Orc:2:    st_orc_elflike, layout_caves, basic_altar
Vaults:1: v_misc_22, nicolae_vaults_triangles, st_more_cells,
          ontoclasm_vaults_ring_small, ontoclasm_vaults_ring_small,
          nicolae_vaults_little_squares_2, hangedman_vaults_slice, v_rooms_6,
          vaults_dpeg_encased_lava, ontoclasm_vaults_chip,
          ontoclasm_vaults_twist, serial_ice_g, nicolae_vaults_little_ls,
          nicolae_vaults_double_plus_2, nicolae_vaults_shelves_hall,
          layout_vaults_maze_snakey, serial_shops, nicolae_shop_trees
Vaults:2: nicolae_vaults_closet_pinwheel_1, hangedman_vaults_pinch,
          nicolae_vaults_asterisk, nicolae_vaults_storage_room_water, v_rooms_1,
          ontoclasm_vaults_ring_small, v_misc_12, nicolae_vaults_tetromino_T_1,
          minmay_crypt_entry_simple_box, nicolae_vaults_closet_pinwheel_5,
          nicolae_vaults_trapezoid_lopsided_4, vaults_room_door_hall,
          ontoclasm_vaults_loading_screen, nicolae_vaults_diamond_2,
          layout_vaults_big_cross
Vaults:3: ploomutoo_gammafunk_ghost_potion_laboratory,
          nicolae_vaults_stepped_doors, kb_rosetta, hangedman_vaults_nails,
          nicolae_vaults_angled_halls, vaults_dpeg_emergency_exit, v_rooms_4,
          layout_vaults_big_room
Vaults:4: gammafunk_ghost_crypt, v_pattern_3, vaults_room_boxed, v_misc_13,
          nicolae_vaults_three_branches, nicolae_vaults_little_squares_4,
          layout_vaults_omnigrid, serial_shops, nicolae_lakefront_shop
Depths:1: layout_basic, hell_entry, serial_shops, nicolae_book_shop_shelving,
          lemuel_tele_altar, minivault_11, nicolae_sif_muna_condensation
Depths:2: minmay_inside_and_out, layout_gridlike, enter_ziggurat_f,
          nicolae_qazlal_general_emergency, pan_entry, lightli_too_deep
Depths:3: minmay_the_grid_octo_tiled_squarecenter_mashed
          [minmay_the_grid_octo_vomiting_pacman, minmay_the_grid_octo_teeth,
          minmay_the_grid_octo_clover_2, minmay_the_grid_octo_chip,
          minmay_the_grid_square_5x5_megaprize_hollow,
          minmay_the_grid_square_5x5_half_checkered,
          minmay_the_grid_square_5x5_fat_x, minmay_the_grid_square_5x5_eight,
          minmay_the_grid_square_5x5_n_small], layout_basic,
          abyss_entry_crystal, grunt_hell_entry_dis_grunt,
          hellmonk_ghost_happy_afterlife, chequers_jeans, serial_bayou_shore_b
Depths:4: grunt_zot_entry_bicorn, layout_cave_pools,
          nicolae_concentric_dashed_squares_mild, hellmouth_1, serial_shops,
          nicolae_shop_tiny_real_fake_doors, st_stairs_13
Abyss:4:  base: Gauntlet, minivault_19, hangedman_relentless_pull,
          hangedman_abyss_rune_macabre_mess, minivault_5,
          hangedman_abyss_overflow_altar, hangedman_abyss_rune_macabre_mess,
          hangedman_abyss_shoalhut, hangedman_abyss_rune_macabre_mess,
          hangedman_abyss_overflow_altar, spicy_pingpong_abyss_rune

Skill      XL: |  1  2  3  4  5  6  7  8  9 10 11 12 13 14 15 16 17 18 19 20 21 22 |
---------------+-------------------------------------------------------------------+-----
Stealth        | 1 2 3 4 5 7 9 10 11 | 11.4
Fighting       | 2 3 4 5 6 8 9 10 11 12 13 14 16 17 20 21 | 21.4
Dodging        | 3 4 5 6 8 9 10 12 13 14 15 16 | 16.7
Long Blades    | 3 4 5 7 8 10 11 12 13 | 13.3
Short Blades   | 3 6 7 |  7.3
Shields        | 2 3 5 7 9 10 | 10.0
Invocations    | 3 5 7 8 9 10 11 | 11.1
Translocations | 5 7 8 |  8.0
Hexes          | 1 8 13 15 16 18 19 | 19.5
Summonings     | 1 5 9 11 12 | 12.0
Armour         | 4 |  4.0
Evocations     | 2 7 |  7.1
Throwing       | |  0.7
Spellcasting   | |  2.0

Action                     |  1- 3 |  4- 6 |  7- 9 | 10-12 | 13-15 | 16-18 | 19-21 | 22-24 || total
---------------------------+-------+-------+-------+-------+-------+-------+-------+-------++-------
  Melee: Falchion          |   100 |       |     2 |       |       |       |       |       ||   102
         Bite              |     6 |    16 |    26 |    76 |   151 |   196 |   189 |    32 ||   692
         Dagger            |     8 |   148 |    67 |    13 |       |       |       |       ||   236
         Punch             |       |     2 |     4 |       |       |       |       |       ||     6
         Rapier            |       |       |   176 |   185 |    28 |       |       |       ||   389
         Scimitar          |       |       |       |   316 |   948 |   972 |       |   123 ||  2359
         Double sword      |       |       |       |       |       |    60 |  1010 |    10 ||  1080
  Throw: Dart              |       |       |       |     9 |     8 |    35 |       |       ||    52
   Cast: Blink             |       |       |       |     3 |     2 |     2 |     1 |       ||     8
         Summon Mana Viper |       |       |       |       |       |    59 |     2 |     2 ||    63
         Lesser Beckoning  |       |       |       |       |       |     4 |     3 |       ||     7
 Invoke: Ancestor Identity |       |     1 |       |       |       |       |       |       ||     1
         Ancestor Life: Ba |       |     1 |       |       |       |       |       |       ||     1
         Recall Ancestor   |       |       |     5 |     4 |    17 |    17 |    13 |     4 ||    60
         Idealise          |       |       |       |       |     8 |     9 |     5 |     4 ||    26
         Transference      |       |       |       |       |       |     1 |       |       ||     1
  Evoke: Wand              |       |       |       |       |     2 |    32 |       |       ||    34
    Use: Scroll            |     2 |       |       |    18 |    12 |     4 |     6 |     1 ||    43
         Potion            |       |       |       |     1 |     1 |     4 |     2 |     7 ||    15
   Stab: Sleeping          |     2 |     7 |     6 |    14 |    13 |    19 |     7 |       ||    68
         Held in net/web   |       |     1 |       |       |       |       |       |       ||     1
         Distracted        |       |       |     5 |    14 |    28 |    57 |    47 |     6 ||   157
         Invisible         |       |       |       |       |     1 |     8 |    33 |     5 ||    47
 Armour: Leather armour    |    30 |       |       |       |       |       |       |       ||    30
         Robe              |     2 |    39 |    35 |    85 |    68 |       |       |       ||   229
         Troll leather arm |       |       |       |       |    80 |    98 |       |       ||   178
         Quicksilver drago |       |       |       |       |       |    21 |   183 |    17 ||   221
  Dodge: Dodged            |    68 |    59 |   115 |   285 |   741 |   653 |   884 |    79 ||  2884
  Block: Other             |     4 |    14 |    21 |       |       |       |       |       ||    39
         Buckler           |       |       |    11 |   192 |    99 |       |       |       ||   302
         Reflection        |       |       |       |     8 |     4 |    99 |       |       ||   111
         Kite shield       |       |       |       |       |   540 |  1000 |   905 |    78 ||  2523
